 Dungeon Crawl Stone Soup version 0.30.1 (webtiles) character file.

Game seed: 6729422585635376633

82 ahrsahrtis the Shooter (level 4, 0/37 HPs)
             Began as a Draconian Hunter on July 4, 2023.
             Slain by a river rat (5 damage)
             ... in a sewer.
             The game lasted 00:05:38 (1876 turns).

ahrsahrtis the Shooter (Draconian Hunter)           Turns: 1876, Time: 00:05:39

Health: 0/37       AC:  5    Str: 13    XL:     4   Next: 21%
Magic:  4/4        EV: 12    Int: 10    God:
Gold:   169        SH:  0    Dex: 16    Spells: 3/3 levels left

rFire   . . .        a - +0 shortbow
rCold   . . .        (shield currently unavailable)
rNeg    . . .        (body armour unavailable)
rPois   .            (helmet restricted)
rElec   .            (no cloak)
rCorr   .            (no gloves)
SInv    .            (no boots)
Will    .....        (no amulet)
Stlth   +            (no ring)
HPRegen 0.26/turn    (no ring)
MPRegen 0.09/turn

%: no passive effects
@: very slow
A: AC +5, unfitting armour, cold-blooded
a: no special abilities


You were in a sewer.
You visited 1 branch of the dungeon, and saw 3 of its levels.
You also visited: Sewer.

You collected 169 gold pieces.

Inventory:

Hand Weapons
 a - a +0 shortbow (weapon)
Scrolls
 b - a scroll of immolation
 c - a scroll of enchant weapon {unknown}
 d - 5 scrolls of identify {unknown}
 g - a scroll of amnesia {unknown}
 i - 2 scrolls of poison {unknown}
Potions
 e - a potion of lignification {unknown}
 f - a potion of mutation {unknown}
 h - 2 potions of resistance {unknown}
 j - a potion of might {unknown}
 k - 4 potions of flight


   Skills:
 + Level 2.5 Fighting
 + Level 5.0 Ranged Weapons
 + Level 2.0 Dodging
 + Level 0.9 Stealth


You had 3 spell levels left.
You didn't know any spells.
Your spell library was empty.

Dungeon Overview and Level Annotations

Branches:
Dungeon (3/15)              Sewer (1/1)

Altars:

Shops:
D:1 =*(?


Innate Abilities, Weirdness & Mutations

Your plain brown scales are hard. (AC +5)
You cannot fit into any form of body armour.
You are cold-blooded and may be slowed by cold attacks.


Message History

The river rat completely misses you. The river rat closely misses you.
The river rat barely misses you. The river rat attacks as you move away!
The river rat barely misses you.
You enter the shallow water.
Moving in this stuff is going to be slow.
The river rat bites you but does no damage.
The river rat attacks as you move away! The river rat completely misses you.
The river rat closely misses you. The river rat closely misses you.
The river rat completely misses you.
The river rat bites you but does no damage.
The river rat bites you. The river rat attacks as you move away!
The river rat bites you.
The river rat bites you but does no damage. x2
The river rat attacks as you move away! The river rat closely misses you.
The river rat attacks as you move away! The river rat barely misses you.
The river rat misses you.
You shoot an arrow.
The arrow hits the river rat but does no damage.
The river rat misses you.
The river rat bites you but does no damage.
You shoot an arrow. The arrow barely misses the river rat.
The river rat closely misses you. x2; The river rat bites you.
You shoot an arrow. The arrow hits the river rat.
The river rat is heavily wounded.
The river rat barely misses you. The river rat misses you.
The river rat bites you. x2; The river rat closely misses you.
The river rat bites you.
You shoot an arrow.
The arrow completely misses the river rat.
The river rat bites you but does no damage.
The river rat barely misses you. The river rat bites you!
* * * LOW HITPOINT WARNING * * *
You shoot an arrow. The arrow closely misses the river rat.
The river rat barely misses you. The river rat misses you.
The river rat bites you but does no damage.
You shoot an arrow. The arrow closely misses the river rat.
The river rat bites you.
* * * LOW HITPOINT WARNING * * *
The river rat closely misses you. The river rat bites you.
You die...

#≈≈≈# #≈≈≈#
#≈≈≈# #≈≈≈#
#≈≈≈#
############≈≈≈#
.~~~.~~~~.~~~.~#
≈≈≈≈≈≈~~≈≈≈r≈≈~#
~~~~~~~~~~~r@≈~#
≈~####~~####r≈.#
#~~# #~≈~# #.~#
#~≈~#
###..####.≈.#
#.#..#.##~≈†#
#.'..'.##~≈~#
#.'..'.##~≈~#
#.#..#.##~≈~#


You could see 3 river rats.

Vanquished Creatures
  An adder (D:2)
  5 worms
  11 ball pythons
  2 endoplasms (D:1)
  4 giant cockroaches
  6 goblins
  4 hobgoblins (D:2)
  2 jackals (Sewer)
  7 kobolds
  6 quokkas
  2 bats
  2 frilled lizards
  A rat (D:2)
53 creatures vanquished.

Notes
Turn   | Place    | Note
-------+----------+-------------------------------------------
     0 | D:1      | ahrsahrtis the Draconian Hunter began the quest for the
                  | Orb.
     0 | D:1      | Reached XP level 1. HP: 17/17 MP: 1/1
   140 | D:1      | Reached skill level 4 in Ranged Weapons
   145 | D:1      | Found Yqiuxkam's Antique Weapon Shop.
   158 | D:1      | Found Omag's Magic Scroll Emporium.
   183 | D:1      | Reached XP level 2. HP: 24/24 MP: 2/2
   441 | D:1      | Found Zator's Jewellery Shop.
   501 | D:1      | Found Maryir's General Store.
  1117 | D:2      | Reached XP level 3. HP: 22/29 MP: 3/3
  1641 | D:3      | Found a glowing drain.
  1682 | Sewer    | Entered a sewer
  1704 | Sewer    | Reached XP level 4. HP: 37/37 MP: 4/4
  1733 | Sewer    | Reached skill level 5 in Ranged Weapons
  1876 | Sewer    | Slain by a river rat

Illustrated notes

Levels and vault maps discovered:
D:1:      erik_arrival_blinker_ship, layout_basic, serial_shops, shop,
          nicolae_shop_pleasant_corner_grove, shop, shop, chequers_big_river,
          dk_noncrumbling_4
D:2:      layout_basic, guppyfry_early_lair_pool
D:3:      layout_loops_ring, lemuel_coloured_pillars_altar, bloody_makhleb,
          serial_undead, serial_undead_f, serial_undead_c, serial_undead_f,
          serial_undead_b, hellmonk_ecumenical_altar_heavens_door,
          portal_sewer_entry_b
Sewer:    sewer_fruit_machine

Skill      XL: |  1  2  3  4 |
---------------+-------------+-----
Ranged Weapons | 4 5 |  5.0
Dodging        | 2 |  2.0
Fighting       | |  2.5
Stealth        | |  0.9

Action                     |  1- 3 |  4- 6 || total
---------------------------+-------+-------++-------
   Fire: Shortbow          |   144 |    41 ||   185
 Armour: Skin              |    20 |    12 ||    32
  Dodge: Dodged            |    42 |    29 ||    71
